 Dungeon Crawl Stone Soup version 0.17.1-3-g152610e (webtiles) character file.

6248 MrTails the Cleaver (level 10, -2/82 HPs)
             Began as a Demonspawn Berserker on Feb 23, 2016.
             Was a High Priest of Trog.
             Slain by a nine-headed hydra (9 damage)
             ... on level 1 of the Lair of Beasts.
             The game lasted 00:39:34 (10361 turns).

MrTails the Cleaver (Demonspawn Berserker)         Turns: 10361, Time: 00:39:36

Health: -2/82      AC: 21    Str: 20      XL:     10   Next: 62%
Magic:  10/10      EV:  7    Int:  7 (8)  God:    Trog [*****.]
Gold:   521        SH:  3    Dex: 10      Spells: 0 memorised, 9 levels left

rFire  . . .     SeeInvis .     R - +0 war axe
rCold  . . .     Clarity  +     r - +0 chain mail
rNeg   . . .     SustAt   .     y - +0 buckler
rPois  +         Gourm    .     t - +1 helmet
rElec  .         Spirit   .     q - +0 cloak
rCorr  .         Warding  .     (no gloves)
rMut   .         Stasis   .     (no boots)
MR     .....                    (no amulet)
Stlth  ..........               G - ring of poison resistance
                                P - +3 ring of slaying

@: exhausted, slowed, very slow, not resistant to hostile enchantments,
extremely unstealthy
A: talons 1, rough black scales 2, blurry vision 1, clarity, deterioration 1,
dopey 1, powered by pain 2, rot immunity
a: Berserk, Trog's Hand, Brothers in Arms, Burn Spellbooks, Renounce Religion


You were on level 1 of the Lair of Beasts.
You worshipped Trog.
Trog was extremely pleased with you.
You were near starving.

You visited 2 branches of the dungeon, and saw 11 of its levels.

You collected 521 gold pieces.

Inventory:

Hand Weapons
 a - a +0 hand axe
 f - a +1 mace of venom
 R - a +0 war axe (weapon)
Armour
 q - a +0 cloak (worn)
 r - a +0 chain mail (worn)
 t - a +1 helmet (worn)
 v - a +0 helmet
 y - a +0 buckler (worn)
Jewellery
 C - an uncursed ring of flight
 G - a ring of poison resistance (right hand)
 O - an uncursed ring of ice
 P - a +3 ring of slaying (left hand)
 Q - an uncursed ring of teleportation
Wands
 o - a wand of random effects (48)
 z - a wand of magic darts (13)
 E - a wand of flame (20)
 M - a wand of confusion (24)
 U - a wand of fireball (2)
Scrolls
 b - 3 scrolls of amnesia
 e - 5 scrolls of identify
 j - a scroll of blinking {unknown}
 n - 2 scrolls of random uselessness {unknown}
 p - 2 scrolls of remove curse
 s - 2 scrolls of enchant armour {unknown}
 B - 4 scrolls of teleportation
 H - 2 scrolls of holy word {unknown}
 K - 2 scrolls of recharging
 L - 2 scrolls of fear {unknown}
 N - 2 scrolls of enchant weapon {unknown}
 S - a scroll of fog {unknown}
Potions
 d - 2 potions of cancellation {unknown}
 h - 5 potions of flight {unknown}
 k - 6 potions of lignification {unknown}
 l - a potion of might {unknown}
 m - 2 potions of resistance {unknown}
 u - 3 potions of brilliance {unknown}
 w - 2 potions of cure mutation {unknown}
 x - 3 potions of curing
 A - a potion of degeneration {unknown}
 D - 6 potions of heal wounds {unknown}
 I - 2 potions of magic {unknown}
 T - a potion of beneficial mutation {unknown}
 V - a potion of mutation {unknown}
Books
 J - a book of Spatial Translocations

   Spells                             Type                      Level
   a - Apportation                    Translocation                1
   b - Blink                          Translocation                2
   c - Shroud of Golubria             Charms/Translocation         2
   d - Portal Projectile              Translocation                3
   e - Teleport Other                 Translocation                3
   f - Passage of Golubria            Translocation                4
   Trog disapproves of the use of such an item.
 X - a book of Debilitation

   Spells                             Type                      Level
   a - Corona                         Hexes                        1
   b - Slow                           Hexes                        2
   c - Gell's Gravitas                Hexes/Translocation          3
   d - Inner Flame                    Hexes/Fire                   3
   e - Cause Fear                     Hexes                        4
   f - Leda's Liquefaction            Hexes/Earth                  4
   Trog disapproves of the use of such an item.
Comestibles
 c - 5 bread rations
 i - 3 meat rations
 F - 4 fruits
 W - 9 chunks of flesh
 Y - 10 royal jellies


   Skills:
 + Level 8.9 Fighting
 * Level 10.8 Axes
 + Level 7.3 Armour
 - Level 1.8 Dodging


You had 9 spell levels left.
You didn't know any spells.

Dungeon Overview and Level Annotations

Branches:
Dungeon (10/15)            Temple (0/1) D:5            Lair (1/8) D:8
    Orc: D:9-12

Altars:
Cheibriados
Dithmenos
Fedhas
Kikubaaqudgha
Makhleb
Nemelex Xobeh
Qazlal
Ru
Sif Muna
Vehumet
Xom
The Shining One

Shops:
D:9 *

Portals:
Ice
Cave: Lair:1

Annotations:
D:4 Grinder


Innate Abilities, Weirdness & Mutations

You have sharp toenails.
You are mostly covered in rough black scales (AC +7, Dex -2).
You sometimes gain power by taking damage.
You are immune to rotting.
Scrolls take you a little longer to read.
You possess an exceptional clarity of mind.
Your body sometimes deteriorates upon taking damage.
You are dopey. (Int -2)


Message History

You slash the yak!
The yak is heavily wounded.
You are no longer berserk.
You are exhausted.
You feel yourself slow down.
You are near starving!
The nine-headed hydra bites you!
* * * LOW HITPOINT WARNING * * *
The nine-headed hydra bites you.
* * * LOW HITPOINT WARNING * * *
The nine-headed hydra bites you but does no damage. x7
You are too injured to fight recklessly!
Some of the chunks of flesh in your inventory have rotted away.
The nine-headed hydra barely misses you.
The nine-headed hydra bites you but does no damage.
The nine-headed hydra bites you!
* * * LOW HITPOINT WARNING * * *
Your body deteriorates!
You feel dopey. The nine-headed hydra bites you!
You die...

*,,*,****,**##....,,,,,,,,*
**,,,,,,,,* *.....,,,,,,,,*
*,,,,,,,,* *#.#.*****,**** ***
*****,,,*** #..#* ***
*,******,*..#.###..#
,,,,>*,,,,.".......######
,,,,,*,**,,.#####.†.##P.#####**
,,,,,*,**,,,#...YD.Y........#.***
,,,,,*,,**,,#.<.@t............,,*
,,,,,*,,*,,,#.................,,,
,,,,,*,,,#...................∩,,,
,,,,,,,,......................,,,
,,,,,,,.......................,,,
>,,,,,,.......................,,,
,,,,,**#P#.##.................,,,
,,,,,* ####*..................,,,
*,,*** *,,,,,,,,,,,,,,,,,,,,,


You could see a nine-headed hydra, 2 yaks and a crocodile.

Vanquished Creatures
  Pikel (D:5)
  Psyche (D:10)
  A blink frog (D:8)
  A two-headed ogre (D:10)
  A shadow (D:9)
  A hungry ghost (D:10)
  A deep elf fighter (D:8)
  6 yaks
  An orc warrior (D:9)
  A water moccasin (D:6)
  2 sky beasts
  2 black bears
  A slave (D:5)
  A phantom (D:7)
  4 ogres
  5 ice beasts
  A crocodile (D:8)
  2 centaurs
  3 giant frogs (D:9)
  6 scorpions
  5 killer bees (D:7)
  5 crimson imps
  A centaur zombie (D:10)
  4 orc priests
  A giant frog zombie (D:7)
  3 hounds
  Crazy Yiuf (D:2)
  7 jellies
  3 orc wizards
  2 iguanas
  Jessica (D:2)
  3 giant frog skeletons
  4 worker ants
  Natasha (D:1)
  A worker ant zombie (D:9)
  Robin (D:2)
  11 adders
  A river rat (D:8)
  A shadow imp (D:7)
  A white imp (D:5)
  6 oozes
  An adder skeleton (D:4)
  An adder zombie (D:6)
  2 worms
  25 orcs
  2 bat zombies (D:2)
  5 giant cockroaches
  12 hobgoblins
  2 jackals (D:6)
  2 ball pythons
  11 bats
  2 giant geckos
  A giant gecko skeleton (D:6)
  2 giant gecko zombies
  8 giant newts
  17 goblins
  A jackal skeleton (D:5)
  5 kobolds
  7 quokkas
  25 rats
  5 fungi
  A plant (D:8)
242 creatures vanquished.

Vanquished Creatures (collateral kills)
  An ice beast (Lair:1)
  A giant frog (D:6)
  2 jackals (D:6)
4 creatures vanquished.

Vanquished Creatures (others)
  A slave (D:5)
  A scorpion (D:5)
  A crimson imp (D:5)
  An orc wizard (D:4)
  A hound zombie (D:5)
  An orc (D:5)
6 creatures vanquished.

Grand Total: 252 creatures vanquished

Notes
Turn   | Place    | Note
--------------------------------------------------------------
     0 | D:1      | MrTails the Demonspawn Berserker began the quest for the Orb.
     0 | D:1      | Reached XP level 1. HP: 18/18 MP: 1/1
   498 | D:1      | Gained mutation: You are partially covered in rough black scales (AC +4, Dex -1). [demonic ancestry]
   498 | D:1      | Reached XP level 2. HP: 14/24 MP: 2/2
  1080 | D:2      | Noticed Robin
  1082 | D:2      | Noticed Jessica
  1093 | D:2      | Noticed Natasha
  1109 | D:1      | Reached ** piety under Trog
  1109 | D:1      | Gained mutation: You are mostly covered in rough black scales (AC +7, Dex -2). [demonic ancestry]
  1109 | D:1      | Reached XP level 3. HP: 21/29 MP: 3/3
  1396 | D:1      | Killed Natasha
  1446 | D:2      | Killed Jessica
  1446 | D:2      | Reached XP level 4. HP: 36/36 MP: 4/4
  1447 | D:2      | Killed Robin
  1447 | D:2      | Reached skill level 4 in Axes
  2085 | D:2      | Gained mutation: You sometimes gain a little power by taking damage. [demonic ancestry]
  2085 | D:2      | Reached XP level 5. HP: 42/42 MP: 5/5
  2175 | D:2      | Noticed Crazy Yiuf
  2181 | D:2      | Killed Crazy Yiuf
  2337 | D:3      | Reached *** piety under Trog
  2352 | D:3      | Found a sacrificial altar of Ru.
  2467 | D:3      | Found a sparkling altar of Nemelex Xobeh.
  3132 | D:4      | Found an ancient bone altar of Kikubaaqudgha.
  3134 | D:4      | Found a radiant altar of Vehumet.
  3134 | D:4      | Found a deep blue altar of Sif Muna.
  3135 | D:4      | Received a gift from Trog
  3169 | D:4      | Got a warped long sword
  3426 | D:4      | Gained mutation: You are immune to rotting. [demonic ancestry]
  3426 | D:4      | Reached XP level 6. HP: 42/49 MP: 6/6
  4063 | D:5      | Entered Level 5 of the Dungeon
  4063 | D:5      | Found a shadowy altar of Dithmenos.
  4063 | D:5      | Found a snail-covered altar of Cheibriados.
  4063 | D:5      | Found a blossoming altar of Fedhas.
  4063 | D:5      | Found a stormy altar of Qazlal.
  4063 | D:5      | Found a glowing golden altar of the Shining One.
  4068 | D:5      | Noticed Grinder
  4069 | D:5      | Reached skill level 5 in Axes
  4096 | D:5      | Paralysed by Grinder for 2 turns
  4479 | D:5      | Reached **** piety under Trog
  4656 | D:5      | Noticed Pikel
  4667 | D:5      | Killed Pikel
  4667 | D:5      | Reached skill level 5 in Fighting
  4667 | D:5      | Reached skill level 6 in Axes
  4667 | D:5      | Gained mutation: You have sharp toenails. [demonic ancestry]
  4667 | D:5      | Reached XP level 7. HP: 56/56 MP: 7/7
  4734 | D:5      | Reached XP level 8. HP: 5/63 MP: 8/8
  5102 | D:5      | Found a staircase to the Ecumenical Temple.
  5589 | D:5      | Reached skill level 7 in Axes
  6092 | D:6      | Reached skill level 5 in Armour
  6559 | D:6      | Gained mutation: Your flesh is heat resistant. [mutagenic meat]
  6560 | D:6      | Gained mutation: You possess an exceptional clarity of mind. [mutagenic meat]
  6561 | D:6      | Gained mutation: You are dopey. (Int -2) [mutagenic meat]
  6562 | D:6      | Gained mutation: Scrolls take you a little longer to read. [mutagenic meat]
  6563 | D:6      | Lost mutation: Your flesh is heat resistant. [mutagenic meat]
  6564 | D:6      | Gained mutation: Your body sometimes deteriorates upon taking damage. [mutagenic meat]
  6698 | D:6      | Reached skill level 8 in Axes
  6730 | D:6      | Reached XP level 9. HP: 22/71 MP: 9/9
  7514 | D:7      | Found a shimmering altar of Xom.
  7515 | D:7      | Found a burning altar of Makhleb.
  8800 | D:8      | Reached skill level 9 in Axes
  8821 | D:8      | Reached ***** piety under Trog
  8938 | D:8      | Found a staircase to the Lair.
  9549 | D:9      | Gained mutation: You sometimes gain power by taking damage. [demonic ancestry]
  9549 | D:9      | Reached XP level 10. HP: 62/80 MP: 10/10
  9692 | D:9      | Found Fafoipp's Assorted Antiques.
  9717 | D:9      | Reached skill level 10 in Axes
 10051 | D:9      | Received a gift from Trog
 10142 | D:10     | Entered Level 10 of the Dungeon
 10142 | D:10     | Noticed Psyche
 10150 | D:10     | Killed Psyche
 10267 | D:10     | Noticed a hill giant
 10328 | Lair:1   | Entered Level 1 of the Lair of Beasts
 10338 | Lair:1   | Found a frozen archway.
 10342 | Lair:1   | Noticed a five-headed hydra
 10361 | Lair:1   | Slain by a nine-headed hydra

Action                   |  1- 3 |  4- 6 |  7- 9 | 10-12 || total
-------------------------+-------+-------+-------+-------++-------
Melee: Hand axe          |    97 |   376 |   624 |       ||  1097
       War axe           |       |       |    43 |    94 ||   137
Invok: Berserk           |     2 |     5 |     6 |     4 ||    17
       Burn Spellbooks   |       |     1 |     1 |       ||     2
       Trog's Hand       |       |       |     2 |       ||     2
       Brothers in Arms  |       |       |     1 |     1 ||     2
 Abil: Evoke Flight      |       |     1 |       |       ||     1
  Use: Scroll            |       |     8 |     1 |     1 ||    10
       Potion            |       |       |     1 |       ||     1
 Stab: Sleeping          |     2 |       |       |       ||     2
  Eat: Chunk             |     3 |    16 |    17 |     7 ||    43
       Meat ration       |       |       |     1 |       ||     1
       Pizza             |       |       |     1 |       ||     1
       Beef jerky        |       |       |     1 |       ||     1
       Bread ration      |       |       |     1 |       ||     1
       Fruit             |       |       |     1 |       ||     1
